 Dungeon Crawl Stone Soup version 0.31-a0-221-gbddc013574 (webtiles) character file.

Game seed: 12921068180200902736

976 reriks the Covert (level 7, -2/32 HPs)
             Began as a Spriggan Enchanter on July 4, 2023.
             Was an Initiate of Ashenzari.
             Slain by a scorpion (5 damage)
             ... on level 5 of the Dungeon.
             The game lasted 00:11:09 (4880 turns).

reriks the Covert (Spriggan Enchanter)              Turns: 4880, Time: 00:11:10

Health: -2/32      AC:  2    Str:  4    XL:     7   Next: 95%
Magic:  11/15      EV: 20    Int: 16    God:    Ashenzari [......]
Gold:   281        SH:  0    Dex: 18    Spells: 10/15 levels left

rFire   . . .        a - +1 dagger
rCold   . . .        (no shield)
rNeg    . . .        b - +0 robe
rPois   .            (helmet restricted)
rElec   .            g - scarf {shadows}
rCorr   .            (gloves unavailable)
SInv    +            (boots unavailable)
Will    +....        (no amulet)
Stlth   ++++         (no ring)
HPRegen 0.25/turn    (no ring)
MPRegen 0.14/turn

%: no passive effects
@: lethally poisoned (-2 -> -8), very quick
A: very small, no large weapons, unfitting armour, see invisible, speed 3
a: Renounce Religion


You were on level 5 of the Dungeon.
You worshipped Ashenzari.
Ashenzari was noncommittal.
You visited 2 branches of the dungeon, and saw 7 of its levels.

You collected 281 gold pieces.

Inventory:

Hand Weapons
 a - a +1 dagger (weapon)
Missiles
 s - 2 poisoned darts
Armour
 b - a +0 robe (worn)
 g - a scarf of shadows (worn)
Magical Staves
 u - a staff of fire
Jewellery
 l - a ring of ice
Wands
 n - a wand of quicksilver (17)
Scrolls
 e - 3 scrolls of vulnerability {unknown}
 i - a scroll of noise {unknown}
 k - a scroll of identify {unknown}
 p - a scroll of revelation {unknown}
 q - a scroll of torment {unknown}
 t - a scroll of fog {unknown}
 v - a scroll of brand weapon {unknown}
Potions
 c - a potion of invisibility
 d - 3 potions of heal wounds {unknown}
 f - 3 potions of curing {unknown}
 h - a potion of mutation {unknown}
 j - 3 potions of enlightenment {unknown}
 m - a potion of berserk rage {unknown}
 o - a potion of attraction {unknown}
 r - a potion of magic {unknown}


   Skills:
 * Level 5.2 Short Blades
 + Level 5.4 Dodging
 * Level 8.8 Stealth
 + Level 4.9 Spellcasting
 + Level 5.4 Hexes


You had 10 spell levels left.
You knew the following spells:

 Your Spells              Type           Power      Damage    Failure   Level
a - Confusing Touch       Hex            21%        N/A       4%          3
b - Ensorcelled Hibernat  Hex/Ice        24%        N/A       8%          2

Your spell library contained the following spells:

 Spells                   Type           Power      Damage    Failure   Level
 Tukima's Dance           Hex            21%        N/A       4%          3
 Shock                    Conj/Air       12%        1d3       16%         1
 Dazzling Flash           Conj/Hex       24%        N/A       16%         3
 Cigotuvi's Dreadful Rot  Necr/Pois/Air  6%         N/A       24%         2
 Ignite Poison            Fire/Tmut/Pois 3%         N/A       43%         3
 Swiftness                Air            3%         N/A       43%         3
 Volatile Blastmotes      Fire/Tloc      6%         2d10      43%         3
 Airstrike                Air            1%         2d(1-17)  83%         4
 Iskenderun's Mystic Bla  Conj/Tloc      3%         2d3       83%         4
 Freezing Cloud           Conj/Ice/Air   1%         6-21      99%         5
 Starburst                Conj/Fire      1%         6d3       100%        6


Dungeon Overview and Level Annotations

Branches:
Dungeon (6/15)             Temple (1/1) D:4

Altars:
Ashenzari
Cheibriados
Elyvilon
Fedhas
Gozag
Hepliaklqana
Kikubaaqudgha
Makhleb
Nemelex Xobeh
Okawaru
Qazlal
Ru
Sif Muna
Trog
Vehumet
Wu Jian
Xom
Yredelemnul
Zin
The Shining One

Shops:
D:4 (

Annotations:
D:3 2 transporters, experimilk's ghost, amateur DrVM


Innate Abilities, Weirdness & Mutations

You are very small and have problems with some larger weapons.
You are too small for most types of armour.
You have supernaturally acute eyesight. (SInv)
You cover ground extremely quickly. (Speed+++)


Message History

You climb downwards.
Found four items.
There is a stone staircase leading up here.
The helpless wight fails to defend itself.
You stick the wight like a pincushion!!!
You destroy the wight!
The orc wizard shouts!
The jelly quivers.
The orc wizard points at you and mumbles some strange words.
The magic dart hits you. The jelly hits you.
You are splashed with acid!
There is a stone staircase leading up here.
Magic restored.
The scorpion stings you but does no damage.
The orc wizard closely misses you. The jelly closely misses you.
You climb upwards.
There is a stone staircase leading down here.
Casting: Ensorcelled Hibernation (safe; 8% risk of failure)
Confirm with . or Enter, or press ? or * to list all spells.
Aiming: Ensorcelled Hibernation (safe; 8% risk of failure)
Press: ? - help, Shift-Dir - straight line, f - orc wizard
Aim: an orc wizard, wielding a +0 dagger and wearing a +0 robe (chance to affect: 46%)
The orc wizard resists with some effort.
The scorpion stings you. The orc wizard barely misses you.
You closely miss the orc wizard.
You punch the orc wizard, but do no damage.
The scorpion misses you.
You completely miss the orc wizard. The scorpion stings you.
* * * LOW HITPOINT WARNING * * *
You are lethally poisoned!
The scorpion poisons you! The orc wizard closely misses you.
Casting: Ensorcelled Hibernation (safe; 8% risk of failure)
Confirm with . or Enter, or press ? or * to list all spells.
Aiming: Ensorcelled Hibernation (safe; 8% risk of failure)
Press: ? - help, Shift-Dir - straight line, f/p - orc wizard
Aim: an orc wizard, wielding a +0 dagger and wearing a +0 robe (chance to affect: 46%)
The orc wizard resists with some effort.
* * * LOW HITPOINT WARNING * * *
You feel sick. The scorpion stings you.
You die...

# ### ### #.##.## ### #..
##.#...###########.## #.#
.......#...........# #.#
#####...#...##J####..# #####.#
............##s# #..# #......
######.##...##@####..# #.###.#
#)#######o##....# #.###.# ##+##
#.##.##.# #.##... ##...##
#.......# #.##..# ##.....##
####.#### #...... ##g.g....##
##..# ####.#.
.###.........####...# #...
..)'g........'....###############
.###.........#...................


You could see a scorpion, a jelly and an orc wizard.

Vanquished Creatures
  Prince Ribbit (D:5)
  An ogre (D:5)
  A phantom (D:4)
  2 scorpions (D:5)
  A wight (D:6)
  A howler monkey (D:5)
  A jelly (D:4)
  3 hounds
  4 iguanas (D:5)
  Ijyb (D:5)
  Robin (D:2)
  4 gnolls
  6 adders
  A white imp (D:5)
  An ufetubus (D:5)
  A worm (D:5)
  2 dart slugs (D:3)
  An orc (D:3)
  10 endoplasms
  2 giant cockroaches (D:3)
  12 goblins
  7 hobgoblins
  4 jackals (D:2)
  A quokka (D:4)
  10 ball pythons
  3 bats
  2 frilled lizards (D:1)
  2 kobolds
  5 rats
91 creatures vanquished.

Notes
Turn   | Place    | Note
-------+----------+-------------------------------------------
     0 | D:1      | reriks the Spriggan Enchanter began the quest for the Orb.
     0 | D:1      | Reached XP level 1. HP: 9/9 MP: 5/5
   812 | D:2      | Reached XP level 2. HP: 13/13 MP: 6/6
  1051 | D:2      | Noticed Robin
  1203 | D:2      | Found a faded altar of an unknown god.
  1216 | D:2      | Reached skill level 5 in Stealth
  1216 | D:2      | Reached XP level 3. HP: 14/16 MP: 8/8
  1283 | D:2      | Learned a level 3 spell: Confusing Touch
  1286 | D:2      | Learned a level 2 spell: Ensorcelled Hibernation
  1297 | D:2      | Killed Robin
  2087 | D:2      | Reached XP level 4. HP: 21/21 MP: 9/9
  2691 | D:3      | Found a transporter.
  2692 | D:3      | Found a transporter.
  2859 | D:3      | Noticed experimilk's ghost (amateur DrVM)
  3020 | D:4      | Reached skill level 6 in Stealth
  3020 | D:4      | Reached XP level 5. HP: 24/24 MP: 9/11
  3046 | D:4      | Found a staircase to the Ecumenical Temple.
  3053 | Temple   | Entered the Ecumenical Temple
  3393 | D:4      | Noticed a phantom
  3401 | D:4      | Found a broken altar of Ashenzari.
  3452 | D:4      | Killed a phantom
  3458 | D:4      | Became a worshipper of Ashenzari the Shackled
  3625 | D:4      | Reached XP level 6. HP: 28/28 MP: 9/12
  3715 | D:4      | Found Loiggutu's Weapon Boutique.
  3779 | D:5      | Entered Level 5 of the Dungeon
  3825 | D:5      | Reached skill level 7 in Stealth
  3865 | D:5      | Noticed Ijyb
  3868 | D:5      | Killed Ijyb
  4134 | D:5      | Found an opulent altar of Gozag.
  4139 | D:5      | Reached XP level 7. HP: 32/32 MP: 14/14
  4344 | D:5      | Noticed Prince Ribbit
  4441 | D:5      | Killed Prince Ribbit
  4442 | D:5      | Reached skill level 5 in Dodging
  4442 | D:5      | Reached skill level 8 in Stealth
  4442 | D:5      | Reached skill level 5 in Hexes
  4524 | D:5      | Reached skill level 5 in Short Blades
  4807 | D:5      | Found a hazy altar of Hepliaklqana.
  4880 | D:5      | Slain by a scorpion

Illustrated notes

Levels and vault maps discovered:
D:1:      grunt_arrival_crossed_arrows, layout_basic, patterned_corridor
D:2:      layout_basic, shapermc_ecumenical_altar_pompeii, minmay_pentomino_w2,
          uniq_robin
D:3:      kennysheep_the_goblin_king, layout_basic,
          gammafunk_ghost_gnarly_gnolls
D:4:      layout_rooms, nicolae_ashenzari_skybound, minmay_temple_entry_arrows,
          serial_shops, nicolae_shop_crystal
D:5:      layout_loops_corners, lemuel_coloured_pillars_altar,
          mainiacjoe_overflow_big_doors, kennysheep_small_circle, uniq_duvessa,
          uniq_prince_ribbit1, uniq_edmund, uniq_ijyb
D:6:      layout_cave_pools, nicolae_fountain_basement
Temple:   compressed_dpeg_circular_temple

Skill      XL: |  1  2  3  4  5  6  7 |
---------------+----------------------+-----
Dodging        | 3 4 5 |  5.4
Spellcasting   | 3 4 |  4.9
Short Blades   | 2 3 4 5 |  5.2
Stealth        | 5 6 7 8 |  8.8
Hexes          | 4 5 |  5.4

Action                     |  1- 3 |  4- 6 |  7- 9 || total
---------------------------+-------+-------+-------++-------
  Melee: Dagger            |   122 |    80 |    33 ||   235
         Punch             |     1 |       |     1 ||     2
   Cast: Ensorcelled Hiber |    12 |    24 |    20 ||    56
    Use: Potion            |       |     1 |       ||     1
   Stab: Sleeping          |    12 |    28 |    10 ||    50
         Invisible         |       |     1 |       ||     1
 Armour: Robe              |     8 |     3 |     2 ||    13
  Dodge: Dodged            |    90 |    32 |    20 ||   142

Table legend: (Time is in decaauts)
 A = Elapsed time spent in this place.
 B = Non-inter-level travel time spent in this place.
 C = Inter-level travel time spent in this place.
 D = Time resting spent in this place.
 E = Time spent auto-exploring this place.
 F = Levels seen in this place.
 G = Mean time per level.
                   A        B        C        D        E       F      G
               +--------+--------+--------+--------+--------+-----+--------+
         Total |   3539 |   3466 |     73 |    992 |   1716 |   7 |  505.6 |
       Dungeon |   3410 |   3359 |     51 |    992 |   1655 |   6 |  568.3 |
        Temple |    129 |    107 |     22 |      0 |     60 |   1 |  129.0 |
               +--------+--------+--------+--------+--------+-----+--------+

Top non-repeatable levels by time:
     D:2: 971 daAuts
     D:5: 798 daAuts
     D:3: 674 daAuts
     D:1: 562 daAuts
     D:4: 401 daAuts
  Temple: 129 daAuts
     D:6: 3 daAuts
